 Dungeon Crawl Stone Soup version 0.25-a0-566-g062765b (webtiles) character file.

Game seed: 16075166221025556476, levelgen mode: deterministic

45 tyvek the Insei (level 3, -4/26 HPs)
             Began as a Demonspawn Transmuter on Feb 27, 2020.
             Slain by a worm (10 damage)
             ... on level 2 of the Dungeon.
             The game lasted 00:02:53 (1238 turns).

tyvek the Insei (Demonspawn Transmuter)             Turns: 1238, Time: 00:02:53

Health: -4/26      AC:  4    Str: 11    XL:     3   Next: 42%
Magic:  6/6        EV: 12    Int: 14    God:
Gold:   91         SH:  0    Dex: 13    Spells: 3/6 levels left

rFire    . . .     SeeInvis .     - Unarmed
rCold    . . .     Gourm    .   (no shield)
rNeg     . . .     Faith    .   b - +0 robe
rPois    .         Spirit   .   (no helmet)
rElec    .         Reflect  .   (no cloak)
rCorr    .         Harm     .   (no gloves)
MR       .....                  (no boots)
Stlth    +.........             (no amulet)
HPRegen  0.08/turn              (no ring)
MPRegen  0.10/turn              (no ring)

@: no status effects
A: thin metallic scales 1
a: no special abilities


You were on level 2 of the Dungeon.
You were hungry.

You visited 1 branch of the dungeon, and saw 2 of its levels.

You collected 91 gold pieces.


Innate Abilities, Weirdness & Mutations

You are partially covered in thin metallic scales. (AC +2)


   Skills:
 - Level 1.0 Fighting
 - Level 1.7 Dodging
 * Level 3.7 Unarmed Combat
 - Level 2.0 Spellcasting
 + Level 2.4 Transmutations


You had 3 spell levels left.
You knew the following spells:

 Your Spells              Type           Power        Failure   Level  Hunger
t - Sticks to Snakes      Tmut           #.......     13%         2    ###....
z - Beastly Appendage     Tmut           #.....       9%          1    ##.....

Your spell library contained the following spells:

 Spells                   Type           Power        Failure   Level  Hunger
 Spider Form              Tmut/Pois      #.........   41%         3    ####...
 Ice Form                 Ice/Tmut       #.......     82%         4    #####..
 Blade Hands              Tmut           #.........   94%         5    ######.

Inventory:

Missiles
 a - 12 arrows
Armour
 b - a +0 robe (worn)
Jewellery
 f - a +4 ring of evasion {unknown}
Potions
 c - a potion of heal wounds {@q2}
 e - a potion of stabbing
 g - a potion of flight {unknown}
Comestibles
 d - 2 rations
 h - a chunk of flesh

Dungeon Overview and Level Annotations

Branches:
Dungeon (2/15)

Altars:

#............. .......
#.#.########## .......
#####.#.## .......
#....<...############
##.####
#........##.........#
#..
#...................##
#.
#........##..........#.
#####...###............
.. #..... #....@.......
.. #............w......
...
#.....#.............
...
#.....#............. ..
####.###.........#..
#..####....## .#.
###... ...# #..


You could see a worm.


Message History

You hit the worm.
The worm is heavily wounded.
The worm barely misses you.
You barely miss the worm.
You headbutt the worm, but do no damage.
The worm is moderately wounded.
You hit the worm.
The worm is heavily wounded.
The worm closely misses you.
You hit the worm.
The worm is heavily wounded.
You hit the worm.
The worm is almost dead.
The worm bites you.
* * * LOW HITPOINT WARNING * * *
You hit the worm.
The worm is almost dead.
Your horns disappear.
The worm barely misses you.
You hit the worm but do no damage.
The worm is almost dead.
You barely miss the worm.
The worm is almost dead.
The worm misses you.
You hit the worm but do no damage.
The worm is almost dead.
You barely miss the worm.
The worm is almost dead.
The worm bites you!
You die...

Skill      XL: |  1 |
---------------+----+-----
Unarmed Combat | 3 |  3.7
Transmutations | 2 |  2.4
Fighting       | |  1.0
Dodging        | |  1.7
Spellcasting   | |  2.0

Action                   || total
-------------------------++-------
Melee: Unarmed           ||   140
       Kick              ||    11
       Headbutt          ||     3
 Cast: Beastly Appendage ||    14
  Use: Scroll            ||     4
  Eat: Chunk             ||     1
Armor: Robe              ||    28
Dodge: Dodged            ||    83

Levels and vault maps discovered:
D:1:      tarquinn_simple_flora_water_e, layout_rooms
D:2:      layout_rooms, lemuel_round_altar, minivault_5, uniq_natasha

Notes
Turn   | Place    | Note
-------+----------+-------------------------------------------
     0 | D:1      | tyvek the Demonspawn Transmuter began the quest for the
                  | Orb.
     0 | D:1      | Reached XP level 1. HP: 15/15 MP: 3/3
    80 | D:1      | Reached skill level 3 in Unarmed Combat
    80 | D:1      | Reached skill level 2 in Transmutations
   130 | D:1      | Gained mutation: You are partially covered in thin metallic
                  | scales. (AC +2) [demonic ancestry]
   130 | D:1      | Reached XP level 2. HP: 9/21 MP: 3/5
   837 | D:2      | Reached XP level 3. HP: 19/26 MP: 6/6
  1213 | D:2      | Learned a level 2 spell: Sticks to Snakes
  1238 | D:2      | Slain by a worm

Vanquished Creatures
  An adder (D:2)
  A dart slug (D:1)
  4 giant cockroaches
  4 hobgoblins (D:1)
  6 kobolds
  A quokka (D:2)
  2 bats (D:1)
  4 frilled lizards (D:1)
  3 goblins
  8 rats
34 creatures vanquished.
